TOP OF THE 1ST |
Cincinnati Bearcats batting - Pitching for Boston College Eagles : RHP Rob Silver
|
Pitching: RHP Rob Silver
|
|
Batting: RHB Phil McKinney
|
0-0: SINGLE (Flyball, 6MD)
|
Batting: LHB Tristan Walker
|
0-0: Ball 1-0: Ball Phil McKinney is caught stealing 2nd base 2-0: Foul Ball, location: 2F 2-1: Foul Ball, location: 2F 2-2: Ball 3-2: Base on Balls
|
Batting: RHB Joe Bailey
|
0-0: Ball 1-0: Foul Ball, location: 2F 1-1: Called Strike 1-2: Foul Ball, location: 2F 1-2: SINGLE (Line Drive, 7S) Tristan Walker to second Tristan Walker to third
|
Batting: RHB Allen Long
|
0-0: Ball 1-0: Ball 2-0: Called Strike Joe Bailey steals 2nd base 2-1: Called Strike 2-2: Ball 3-2: Fly out, F7 (Flyball, 78D) Runner from 3rd tags up, SCORES, no throw
|
Batting: LHB Denny Allen
|
0-0: Ball 1-0: Called Strike 1-1: SINGLE (Groundball, 4M) (infield hit) Joe Bailey to third
|
Batting: SHB Graham Jackson
|
0-0: Ball 1-0: Swinging Strike 1-1: Ball 2-1: Foul Ball, location: 2F 2-2: Fly out, F8 (Flyball, 8LM)
|
Top of the 1st over - 1 run(s), 3 hit(s), 0 error(s), 2 left on base; Cincinnati 1 - Boston College 0 |
BOTTOM OF THE 1ST |
Boston College Eagles batting - Pitching for Cincinnati Bearcats : RHP Ángel Torres
|
Pitching: RHP Ángel Torres
|
|
Batting: RHB Lorenzo Mota
|
0-0: Ball 1-0: Ball 2-0: Called Strike 2-1: Ground out 3-1 (Groundball, 3)
|
Batting: LHB Davey Casey
|
0-0: Ball 1-0: Ball 2-0: Called Strike 2-1: Ball 3-1: Foul Ball, location: 2F 3-2: Strikes out swinging
|
Batting: RHB Manny Ramírez
|
0-0: Fly out, F9 (Flyball, 89M)
|
Bottom of the 1st over - 0 run(s), 0 hit(s), 0 error(s), 0 left on base; Cincinnati 1 - Boston College 0 |
TOP OF THE 2ND |
Cincinnati Bearcats batting - Pitching for Boston College Eagles : RHP Rob Silver
|
Batting: LHB Wayne Feniley
|
0-0: Ball 1-0: Ball 2-0: Called Strike 2-1: Ball 3-1: Base on Balls
|
Batting: RHB Jeff Garmon
|
0-0: Called Strike Wayne Feniley steals 2nd base 0-1: Foul Ball, location: 2F 0-2: SINGLE (Line Drive, 7LM) Wayne Feniley to third Runner from 3rd tries for Home, SAFE, no throw or cutoff
|
Batting: RHB Rudy Marshall
|
0-0: Called Strike 0-1: Ball 1-1: Ball 2-1: Fly out, F7 (Line Drive, 78M)
|
Batting: RHB Phil McKinney
|
0-0: Ball 1-0: Fielders Choice at 2nd, 1-6 (Groundball, 23)
|
Batting: LHB Tristan Walker
|
0-0: Foul Ball, location: 2F 0-1: Foul Ball, location: 2F 0-2: Ball 1-2: Ground out 4-3 (Groundball, 4)
|
Top of the 2nd over - 1 run(s), 1 hit(s), 0 error(s), 1 left on base; Cincinnati 2 - Boston College 0 |
BOTTOM OF THE 2ND |
Boston College Eagles batting - Pitching for Cincinnati Bearcats : RHP Ángel Torres
|
Batting: LHB Dave Cook
|
0-0: Ball 1-0: Fly out, F4 (Line Drive, 4)
|
Batting: RHB Vernon Sterling
|
0-0: Called Strike 0-1: Ball 1-1: SINGLE (Flyball, 7S)
|
Batting: RHB Kane Cooper
|
0-0: Ball 1-0: SINGLE (Groundball, 6MD) Vernon Sterling to second Runner from 2nd tries for 3rd, SAFE, throw made to third
|
Batting: RHB Bobby Porter
|
0-0: Ball 1-0: Ball 2-0: Foul Ball, location: 2F 2-1: Grounds into double play, 6-4-3 (Groundball, 6)
|
Bottom of the 2nd over - 0 run(s), 2 hit(s), 0 error(s), 1 left on base; Cincinnati 2 - Boston College 0 |
TOP OF THE 3RD |
Cincinnati Bearcats batting - Pitching for Boston College Eagles : RHP Rob Silver
|
Batting: RHB Joe Bailey
|
0-0: Ball 1-0: Foul Ball, location: 2F 1-1: Foul Ball, location: 2F 1-2: Ball 2-2: Ball 3-2: Ground out 5-3 (Groundball, 56)
|
Batting: RHB Allen Long
|
0-0: Ball 1-0: Ball 2-0: Called Strike 2-1: Swinging Strike 2-2: Ball 3-2: SINGLE (Groundball, 56D)
|
Batting: LHB Denny Allen
|
0-0: Ball 1-0: Ball 2-0: Called Strike 2-1: Ball 3-1: Swinging Strike 3-2: Strikes out swinging
|
Batting: SHB Graham Jackson
|
0-0: Ball 1-0: Foul Ball, location: 2F 1-1: Ball 2-1: Called Strike 2-2: Ball 3-2: Base on Balls Allen Long to second
|
Batting: LHB Wayne Feniley
|
0-0: Ball 1-0: Swinging Strike 1-1: Fly out, F8 (Flyball, 8RD)
|
Top of the 3rd over - 0 run(s), 1 hit(s), 0 error(s), 2 left on base; Cincinnati 2 - Boston College 0 |
BOTTOM OF THE 3RD |
Boston College Eagles batting - Pitching for Cincinnati Bearcats : RHP Ángel Torres
|
Batting: RHB Ambrose Brown
|
0-0: Ball 1-0: Foul Ball, location: 2F 1-1: Ball 2-1: Ground out 4-3 (Groundball, 4)
|
Batting: RHB Pepe Chávez
|
0-0: Ball 1-0: Ground out 6-3 (Groundball, 6M)
|
Batting: RHB Lorenzo Mota
|
0-0: Ball 1-0: Swinging Strike 1-1: Foul Ball, location: 2F 1-2: Strikes out swinging
|
Bottom of the 3rd over - 0 run(s), 0 hit(s), 0 error(s), 0 left on base; Cincinnati 2 - Boston College 0 |
TOP OF THE 4TH |
Cincinnati Bearcats batting - Pitching for Boston College Eagles : RHP Rob Silver
|
Batting: RHB Jeff Garmon
|
0-0: Foul Ball, location: 2F 0-1: Foul Ball, location: 2F 0-2: Ground out 4-3 (Groundball, 34)
|
Batting: RHB Rudy Marshall
|
0-0: Ball 1-0: Ground out 4-3 (Groundball, 4M)
|
Batting: RHB Phil McKinney
|
0-0: Called Strike 0-1: Called Strike 0-2: Ball 1-2: Ground out 6-3 (Groundball, 6M)
|
Top of the 4th over - 0 run(s), 0 hit(s), 0 error(s), 0 left on base; Cincinnati 2 - Boston College 0 |
BOTTOM OF THE 4TH |
Boston College Eagles batting - Pitching for Cincinnati Bearcats : RHP Ángel Torres
|
Batting: LHB Davey Casey
|
0-0: Called Strike 0-1: Ball 1-1: Fly out, F7 (Line Drive, 78M)
|
Batting: RHB Manny Ramírez
|
0-0: Swinging Strike 0-1: Foul Ball, location: 2F 0-2: Foul Ball, location: 2F 0-2: Ball 1-2: Foul Ball, location: 2F 1-2: Ball 2-2: Strikes out swinging
|
Batting: LHB Dave Cook
|
0-0: Called Strike 0-1: Ball 1-1: Called Strike 1-2: Ball 2-2: Ball 3-2: Base on Balls
|
Batting: RHB Vernon Sterling
|
0-0: Ball 1-0: Foul Ball, location: 2F 1-1: Swinging Strike 1-2: Foul Ball, location: 2F 1-2: Foul Ball, location: 2F 1-2: Strikes out swinging
|
Bottom of the 4th over - 0 run(s), 0 hit(s), 0 error(s), 1 left on base; Cincinnati 2 - Boston College 0 |
TOP OF THE 5TH |
Cincinnati Bearcats batting - Pitching for Boston College Eagles : RHP Rob Silver
|
Pitching: RHP Willie Richardson
|
|
Batting: LHB Tristan Walker
|
0-0: Foul Ball, location: 2F 0-1: Foul Ball, location: 2F 0-2: Strikes out swinging
|
Batting: RHB Joe Bailey
|
0-0: Ball 1-0: Ball 2-0: Ball 3-0: Base on Balls
|
Batting: RHB Allen Long
|
0-0: Ball 1-0: Foul Ball, location: 2F 1-1: Ball 2-1: Foul Ball, location: 2F 2-2: Ball 3-2: Foul Ball, location: 2F 3-2: Strikes out swinging Joe Bailey steals 2nd base Batter strikes out.
|
Batting: LHB Denny Allen
|
0-0: SINGLE (Groundball, 56D) (infield hit) Joe Bailey to third
|
Batting: SHB Graham Jackson
|
0-0: Ball 1-0: Ball 2-0: Called Strike 2-1: Ball 3-1: Base on Balls Denny Allen to second
|
Batting: LHB Wayne Feniley
|
0-0: Foul Ball, location: 2F 0-1: Foul Ball, location: 2F 0-2: Strikes out swinging
|
Top of the 5th over - 0 run(s), 1 hit(s), 0 error(s), 3 left on base; Cincinnati 2 - Boston College 0 |
BOTTOM OF THE 5TH |
Boston College Eagles batting - Pitching for Cincinnati Bearcats : RHP Ángel Torres
|
Batting: RHB Kane Cooper
|
0-0: Hit by Pitch
|
Batting: RHB Bobby Porter
|
0-0: Ball 1-0: Swinging Strike 1-1: Ball 2-1: Foul Ball, location: 2F 2-2: Ball 3-2: Foul Ball, location: 2F 3-2: Strikes out swinging
|
Batting: RHB Ambrose Brown
|
0-0: Ball 1-0: Swinging Strike 1-1: Ball 2-1: Called Strike 2-2: Foul Ball, location: 2F 2-2: Ball Kane Cooper is caught stealing 2nd base 3-2: Base on Balls
|
Batting: RHB Pepe Chávez
|
0-0: Ball 1-0: Foul Ball, location: 2F 1-1: Ball 2-1: Foul Ball, location: 2F 2-2: Foul Ball, location: 2F 2-2: Ball 3-2: Foul Ball, location: 2F 3-2: Strikes out swinging
|
Bottom of the 5th over - 0 run(s), 0 hit(s), 0 error(s), 1 left on base; Cincinnati 2 - Boston College 0 |
TOP OF THE 6TH |
Cincinnati Bearcats batting - Pitching for Boston College Eagles : RHP Willie Richardson
|
Batting: RHB Jeff Garmon
|
0-0: Called Strike 0-1: Foul Ball, location: 2F 0-2: Strikes out swinging
|
Batting: RHB Rudy Marshall
|
0-0: Called Strike 0-1: Ball 1-1: Ball 2-1: Ball 3-1: Foul Ball, location: 2F 3-2: Foul Ball, location: 2F 3-2: Base on Balls
|
Pitching: LHP Lou Gill
|
|
Batting: RHB Phil McKinney
|
0-0: Ball 1-0: Called Strike 1-1: Ball 2-1: Foul Ball, location: 2F 2-2: Foul Ball, location: 2F 2-2: Ball 3-2: Strikes out swinging
|
Batting: LHB Tristan Walker
|
0-0: Called Strike 0-1: Foul Ball, location: 2F 0-2: Ball 1-2: Strikes out swinging
|
Top of the 6th over - 0 run(s), 0 hit(s), 0 error(s), 1 left on base; Cincinnati 2 - Boston College 0 |
BOTTOM OF THE 6TH |
Boston College Eagles batting - Pitching for Cincinnati Bearcats : RHP Ángel Torres
|
Batting: RHB Lorenzo Mota
|
0-0: Ball 1-0: Ball 2-0: Ball 3-0: Called Strike 3-1: Swinging Strike 3-2: Foul Ball, location: 2F 3-2: Base on Balls
|
Pitching: RHP Manuel González
|
|
Batting: LHB Davey Casey
|
0-0: Foul Ball, location: 2F 0-1: Swinging Strike 0-2: Ball 1-2: Ball 2-2: Strikes out looking
|
Batting: RHB Manny Ramírez
|
0-0: Called Strike 0-1: Ball Wild Pitch! Lorenzo Mota to second 1-1: Ball 2-1: Fly out, F4 (Line Drive, 34)
|
Batting: LHB Dave Cook
|
0-0: Foul Ball, location: 2F 0-1: Ball 1-1: SINGLE (Line Drive, 3D) Lorenzo Mota to third Runner from 3rd tries for Home, SAFE, no throw or cutoff
|
Batting: RHB Vernon Sterling
|
0-0: Swinging Strike 0-1: Called Strike 0-2: Ball 1-2: Strikes out swinging
|
Bottom of the 6th over - 1 run(s), 1 hit(s), 0 error(s), 1 left on base; Cincinnati 2 - Boston College 1 |
TOP OF THE 7TH |
Cincinnati Bearcats batting - Pitching for Boston College Eagles : LHP Lou Gill
|
Batting: RHB Joe Bailey
|
0-0: Called Strike 0-1: Ball 1-1: Foul Ball, location: 2F 1-2: Ground out 4-3 (Groundball, 4M)
|
Batting: RHB Allen Long
|
0-0: Ball 1-0: Ball 2-0: Swinging Strike 2-1: Swinging Strike 2-2: Ball 3-2: SOLO HOME RUN (Line Drive, 7D), Distance : 352 ft
|
Batting: LHB Denny Allen
|
0-0: Ball 1-0: Ball 2-0: Ball 3-0: Called Strike 3-1: Base on Balls
|
Batting: SHB Graham Jackson
|
0-0: Called Strike 0-1: SINGLE (Groundball, 13) (infield hit) Denny Allen to second
|
Batting: LHB Wayne Feniley
|
0-0: Called Strike 0-1: Ball 1-1: Foul Ball, location: 2F 1-2: Strikes out swinging
|
Batting: RHB Jeff Garmon
|
0-0: Called Strike 0-1: Swinging Strike 0-2: Ball 1-2: Foul Ball, location: 2F 1-2: Strikes out swinging
|
Top of the 7th over - 1 run(s), 2 hit(s), 0 error(s), 2 left on base; Cincinnati 3 - Boston College 1 |
BOTTOM OF THE 7TH |
Boston College Eagles batting - Pitching for Cincinnati Bearcats : RHP Manuel González
|
Batting: RHB Kane Cooper
|
0-0: Ball 1-0: Ball 2-0: Ball 3-0: Called Strike 3-1: Foul Ball, location: 2F 3-2: Foul Ball, location: 2F 3-2: Fly out, F8 (Flyball, 89S)
|
Batting: RHB Bobby Porter
|
0-0: Ball 1-0: Ball 2-0: Ball 3-0: Called Strike 3-1: Foul Ball, location: 2F 3-2: SINGLE (Groundball, 6D)
|
Batting: RHB Ambrose Brown
|
0-0: Ball 1-0: Ground out 5-3 (Groundball, 5S) Bobby Porter to second
|
Batting: RHB Pepe Chávez
|
0-0: Ball 1-0: Fly out, F9 (Flyball, 9LM)
|
Bottom of the 7th over - 0 run(s), 1 hit(s), 0 error(s), 1 left on base; Cincinnati 3 - Boston College 1 |
TOP OF THE 8TH |
Cincinnati Bearcats batting - Pitching for Boston College Eagles : LHP Lou Gill
|
Batting: RHB Rudy Marshall
|
0-0: Ball 1-0: Foul Ball, location: 2F 1-1: Ground out 5-3 (Groundball, 56S)
|
Pitching: RHP Ron McDonald
|
|
Batting: RHB Phil McKinney
|
0-0: Called Strike 0-1: Fly out, F7 (Flyball, 7LSF)
|
Batting: LHB Tristan Walker
|
0-0: Called Strike 0-1: Called Strike 0-2: Ball 1-2: Ball 2-2: Strikes out swinging
|
Top of the 8th over - 0 run(s), 0 hit(s), 0 error(s), 0 left on base; Cincinnati 3 - Boston College 1 |
BOTTOM OF THE 8TH |
Boston College Eagles batting - Pitching for Cincinnati Bearcats : RHP Manuel González
|
Pitching: RHP Edward McCormick
|
|
Batting: RHB Lorenzo Mota
|
0-0: Swinging Strike 0-1: Ball 1-1: Foul Ball, location: 2F 1-2: Ball 2-2: Foul Ball, location: 2F 2-2: Ground out 6-3 (Groundball, 6)
|
Batting: LHB Davey Casey
|
0-0: Ball 1-0: Called Strike 1-1: Ball 2-1: SINGLE (Flyball, 8LM)
|
Batting: RHB Manny Ramírez
|
0-0: SINGLE (Flyball, 89S) Davey Casey to second
|
Pitching: LHP Sergio Gómez
|
|
Batting: LHB Dave Cook
|
0-0: Ball 1-0: Swinging Strike 1-1: SINGLE (Line Drive, 8LS) Davey Casey to third Manny Ramírez to second
|
Pitching: RHP Ben Frazier
|
|
Batting: RHB Vernon Sterling
|
0-0: SINGLE (Line Drive, 8LS) Davey Casey scores Manny Ramírez to third Dave Cook to second Runner from 3rd tries for Home, throw and OUT!
|
Pinch Runner at 2nd Mike Martin:
|
|
Batting: RHB Kane Cooper
|
0-0: Fly out, F4 (Line Drive, 4M)
|
Bottom of the 8th over - 1 run(s), 4 hit(s), 0 error(s), 2 left on base; Cincinnati 3 - Boston College 2 |
TOP OF THE 9TH |
Cincinnati Bearcats batting - Pitching for Boston College Eagles : RHP Ron McDonald
|
Pitching: LHP Mario González
|
|
Now at 1B: Mike Martin
|
|
Batting: RHB Joe Bailey
|
0-0: Ball 1-0: Ball 2-0: Ball 3-0: Base on Balls
|
Batting: RHB Allen Long
|
0-0: Ball Joe Bailey is caught stealing 2nd base 1-0: Called Strike 1-1: Ball 2-1: SINGLE (Groundball, 25) (infield hit)
|
Batting: LHB Denny Allen
|
0-0: Ball 1-0: Foul Ball, location: 2F 1-1: Called Strike 1-2: Ground out 6-3 (Groundball, 6MS) Allen Long to second
|
Batting: SHB Graham Jackson
|
0-0: Ball 1-0: Ball 2-0: Ball 3-0: Called Strike 3-1: Called Strike 3-2: Base on Balls
|
Batting: LHB Wayne Feniley
|
0-0: Ball 1-0: Foul Ball, location: 2F 1-1: Ground out 4-3 (Groundball, 4)
|
Top of the 9th over - 0 run(s), 1 hit(s), 0 error(s), 2 left on base; Cincinnati 3 - Boston College 2 |
BOTTOM OF THE 9TH |
Boston College Eagles batting - Pitching for Cincinnati Bearcats : RHP Ben Frazier
|
Pitching: RHP Dominic O'Higgins
|
|
Now at C: Willie Couch
|
|
Batting: RHB Bobby Porter
|
0-0: Foul Ball, location: 2F 0-1: Ball 1-1: Foul Ball, location: 2F 1-2: Foul Ball, location: 2F 1-2: Strikes out swinging
|
Batting: RHB Ambrose Brown
|
0-0: Ball 1-0: Called Strike 1-1: Ball 2-1: Swinging Strike 2-2: Strikes out swinging
|
Batting: RHB Pepe Chávez
|
0-0: Called Strike 0-1: Foul Ball, location: 2F 0-2: Strikes out swinging
|
Bottom of the 9th over - 0 run(s), 0 hit(s), 0 error(s), 0 left on base; Cincinnati 3 - Boston College 2 |
|